 Dungeon Crawl Stone Soup version 0.24.0-37-gcf1ca852f1 (webtiles) character file.

Game seed: 12422133144853887428, levelgen mode: deterministic

257698 mortelune the Scorcher (level 19, -4/116 HPs)
             Began as a Deep Elf Fire Elementalist on Dec 8, 2019.
             Was a High Priest of Vehumet.
             Shot with an arrow by a naga sharpshooter (20 damage)
             ... led by Vashnia
             ... on level 4 of the Snake Pit.
             The game lasted 02:45:18 (62573 turns).

mortelune the Scorcher (DEFE)                      Turns: 62573, Time: 02:45:19

Health: -4/116     AC: 13    Str: 12    XL:     19   Next: 48%
Magic:  29/40      EV: 23    Int: 40    God:    Vehumet [*****.]
Gold:   393        SH: 10    Dex: 21    Spells: 1/49 levels left

rFire    . . .     SeeInvis +   n - staff of energy
rCold    + . .     Gourm    .   y - +0 buckler {rPois}
rNeg     + + .     Faith    .   G - +1 robe {MR+}
rPois    +         Spirit   .   s - +2 helmet of Fashionability {rElec Str+4}
rElec    +         Reflect  +   a - +0 cloak of Haidiodd {+Inv rN+ Int+5 Stlth-}
rCorr    .         Harm     .   (no gloves)
MR       ++...                  Q - +2 pair of boots of Midwinter {rElec rC+}
Stlth    +.........             u - amulet "Yropsil" {Reflect Dex+6 SH+4 SInv}
HPRegen  0.29/turn              F - ring "Wopuanoe" {rN+ Int+9}
MPRegen  0.27/turn              V - +2 ring of protection

@: very slightly contaminated, studying Polearms, invisible
A: no striking features
}: 1/15 runes: decaying
a: Renounce Religion


You were on level 4 of the Snake Pit.
You worshipped Vehumet.
Vehumet was extremely pleased with you.
You were hungry.

You visited 5 branches of the dungeon, and saw 31 of its levels.
You also visited: Bailey and Gauntlet.

You collected 3123 gold pieces.
You spent 2730 gold pieces at shops.

Inventory:

Hand Weapons
 A - a +3 halberd of freezing
 N - the +0 war axe "Trog's Indignation" {freeze, rC+}
   (You found it in a Gauntlet)

   It has been specially enchanted to freeze those struck by it, causing extra
   injury to most foes and up to half again as much damage against particularly
   susceptible opponents.
   It can also slow down cold-blooded creatures.
   It protects you from cold.
 T - the +5 war axe "Lady" {vamp, SInv}
   (You found it on level 2 of the Lair of Beasts)

   It inflicts no extra harm, but heals its wielder when it wounds a living foe.
   It lets you see invisible.
Armour
 a - the +0 cloak of Haidiodd (worn) {+Inv rN+ Int+5 Stlth-}
   (You found it on level 1 of the Snake Pit)

   It affects your intelligence (+5).
   It protects you from negative energy.
   It lets you turn invisible.
   It makes you less stealthy.
 b - a +2 hat of magic resistance
 s - the +2 helmet of Fashionability (worn) {rElec Str+4}
   (You found it in a Gauntlet)

   It affects your strength (+4).
   It insulates you from electricity.
 v - +0 fire dragon scales
 y - a +0 buckler of poison resistance (worn)
 D - a +2 robe of resistance
 G - a +1 robe of magic resistance (worn)
 Q - the +2 pair of boots of Midwinter (worn) {rElec rC+}
   (You acquired it on level 3 of the Swamp)

   It protects you from cold.
   It insulates you from electricity.
Magical Staves
 n - an uncursed staff of energy (weapon)
 r - an uncursed staff of fire
Jewellery
 f - an uncursed ring of resist corrosion
 u - the amulet "Yropsil" (around neck) {Reflect Dex+6 SH+4 SInv}
   (You bought it in a shop on level 4 of the Snake Pit)

   [amulet of reflection]

   It shields you and reflects attacks.
   It affects your dexterity (+6).
   It lets you see invisible.
   It affects your SH (+4).
 E - an uncursed ring of poison resistance
 F - the ring "Wopuanoe" (left hand) {rN+ Int+9}
   (You found it on level 8 of the Dungeon)

   [ring of positive energy]

   It affects your intelligence (+9).
   It protects you from negative energy.
 R - an uncursed ring of flight
 V - a +2 ring of protection (right hand)
 Y - an uncursed ring of protection from cold
Wands
 l - a wand of acid (15)
 t - a wand of digging (8)
 w - a wand of disintegration (2)
 I - a wand of scattershot (5)
 M - a wand of iceblast (38)
 S - a wand of clouds (13)
Scrolls
 e - a scroll of fog
 j - 7 scrolls of remove curse
 o - 3 scrolls of silence
 p - 4 scrolls of amnesia
 x - 5 scrolls of enchant armour
 z - 4 scrolls of enchant weapon
 C - a scroll of torment {unknown}
 O - a scroll of magic mapping
 P - a scroll of fear {unknown}
 X - 4 scrolls of blinking
 Z - 4 scrolls of identify
Potions
 g - 4 potions of mutation
 h - 6 potions of curing
 k - 2 potions of agility
 m - 3 potions of flight
 q - 2 potions of might
 B - a potion of cancellation
 L - 2 potions of invisibility
 U - 2 potions of magic
 W - a potion of resistance
Books
 J - a manual of Polearms
Comestibles
 c - 35 rations


   Skills:
 - Level 12.0 Fighting
 + Level 8.2 Staves
 + Level 7.5 Armour
 - Level 11.8 Dodging
 - Level 2.4 Stealth
 - Level 5.8 Shields
 + Level 15.8 Spellcasting
 + Level 17.3 Conjurations
 + Level 17.3 Fire Magic
 - Level 1.7 Air Magic
 - Level 9.0 Earth Magic


You had one spell level left.
You knew the following spells:

 Your Spells              Type           Power        Failure   Level  Hunger
a - Flame Tongue          Conj/Fire      #####        0%          1    None
b - Throw Flame           Conj/Fire      ######       0%          2    None
c - Conjure Flame         Conj/Fire      ########     0%          3    None
d - Sticky Flame          Conj/Fire      ########     0%          4    None
e - Fire Storm            Conj/Fire      ########..   21%         9    None
f - Fireball              Conj/Fire      ########..   0%          5    None
g - Lightning Bolt        Conj/Air       #######...   1%          5    None
h - Irradiate             Conj/Tmut      #######...   1%          5    None
i - Blink                 Tloc           N/A          1%          2    None
q - Bolt of Fire          Conj/Fire      ########..   1%          6    None
x - Iron Shot             Conj/Erth      #######...   1%          6    None

Your spell library contained the following spells:

 Spells                   Type           Power        Failure   Level  Hunger
 Lehudib's Crystal Spear  Conj/Erth      #######...   8%          8    None
 Glaciate                 Conj/Ice       #######...   99%         9    None
 Magic Dart               Conj           ####         0%          1    None
 Animate Skeleton         Necr           N/A          1%          1    None
 Apportation              Tloc           ####..       1%          1    None
 Confusing Touch          Hex            ####..       1%          1    None
 Corona                   Hex            ####...      1%          1    None
 Pain                     Necr           ####         1%          1    None
 Summon Butterflies       Summ           ####....     1%          1    None
 Summon Small Mammal      Summ           ####         1%          1    None
 Call Imp                 Summ           ####....     1%          2    None
 Corpse Rot               Necr           N/A          1%          2    None
 Ensorcelled Hibernation  Hex/Ice        ####..       1%          2    None
 Passwall                 Tmut/Erth      ######..     1%          2    None
 Poisonous Vapours        Pois/Air       #####.       1%          2    None
 Slow                     Hex            ####....     1%          2    None
 Sticks to Snakes         Tmut           ####....     1%          2    None
 Sublimation of Blood     Necr           ####......   1%          2    None
 Swiftness                Chrm/Air       #####...     1%          2    None
 Dazzling Spray           Conj/Hex       ######       1%          3    None
 Ignite Poison            Fire/Tmut/Pois ######..     1%          3    None
 Inner Flame              Hex/Fire       #######.     1%          3    None
 Mephitic Cloud           Conj/Pois/Air  ######..     1%          3    None
 Static Discharge         Conj/Air       #######.     1%          3    None
 Leda's Liquefaction      Hex/Erth       ######....   1%          4    None
 Petrify                  Tmut/Erth      ######..     1%          4    None
 Bolt of Draining         Conj/Necr      #######...   1%          5    None
 Bolt of Magma            Conj/Fire/Erth #######...   1%          5    None
 Lee's Rapid Deconstruct  Erth           #######...   1%          5    None
 Ignition                 Fire           ########..   1%          8    None
 Confuse                  Hex            ####....     3%          3    None
 Gell's Gravitas          Tloc           ####......   3%          3    None
 Lesser Beckoning         Tloc           ####......   3%          3    None
 Recall                   Summ/Tloc      N/A          3%          3    None
 Regeneration             Chrm/Necr      ####......   3%          3    None
 Tukima's Dance           Hex            ####....     3%          3    None
 Vampiric Draining        Necr           ####......   3%          3    None
 Freezing Cloud           Conj/Ice/Air   ######....   3%          6    None
 Borgnjor's Vile Clutch   Necr/Erth      ######....   4%          5    None
 Yara's Violent Unravell  Hex/Tmut       ####......   7%          5    None
 Animate Dead             Necr           N/A          10%         4    None
 Passage of Golubria      Tloc           N/A          10%         4    None
 Silence                  Hex/Air        #####.....   19%         5    None
 Statue Form              Tmut/Erth      ######...    24%         6    None
 Ring of Flames           Chrm/Fire      #######...   24%         7    None
 Agony                    Necr           ####....     26%         5    None
 Alistair's Intoxication  Tmut/Pois      ####....     26%         5    None
 Dispel Undead            Necr           ####....     26%         5    None
 Excruciating Wounds      Chrm/Necr      ####......   26%         5    None
 Metabolic Englaciation   Hex/Ice        ####......   26%         5    None
 Darkness                 Hex            ####......   83%         6    None
 Death Channel            Necr           ####......   83%         6    None
 Invisibility             Hex            ####....     83%         6    None
 Simulacrum               Ice/Necr       ####......   83%         6    None
 Shatter                  Erth           #######...   99%         9    None
 Tornado                  Air            #####.....   100%        9    None


Dungeon Overview and Level Annotations

Branches:
Dungeon (15/15)            Temple (0/1) D:4            Lair (6/6) D:11
  Swamp (4/4) Lair:3        Snake (4/4) Lair:3        Slime (0/5) Lair:5
    Orc (2/2) D:9             Elf (0/3) Orc:2        Vaults (0/5) D:13
 Depths (0/5) D:15         Bailey (visited)         Gauntlet (visited)

Altars:
Ashenzari
Elyvilon
Fedhas
Makhleb
Nemelex Xobeh
Ru
Sif Muna
Trog
Vehumet
Wu Jian
Xom
Yredelemnul
Zin

Shops:
D:6 %   D:9 [   D:10 ?   Orc:2 :*[(   Snake:4 }==

Annotations:
D:14 Azrael
Swamp:4 1 runed translucent door, Flugslaktarn's ghost, journeyman DDFi
Snake:4 Vashnia


Message History

You feel better.
The shock serpent hisses angrily.
A naga comes into view. It is wielding a +0 trident.
The naga sharpshooter shoots an arrow.
The arrow misses you.
You feel better.
The naga shouts!
The naga mage casts a spell at you. The orb of energy hits you!!
* * * LOW HITPOINT WARNING * * *
The orb of energy explodes!
The naga sharpshooter casts a spell.
The naga sharpshooter magically shoots a bolt.
The bolt closely misses you.
You hear a shout!
You feel better.
Your surroundings seem slightly different.
The naga sharpshooter casts a spell.
The naga sharpshooter magically shoots an arrow.
The arrow hits you!!
You die...

#NS. #..## #N.###
#..N.###
##N(...###
#(.(....#
##.(....##
###§.....##
#......@..##
#....N.....#
#.........##
##........##♣♣♣♣♣
#..NN....##♣♣...♣
#....N.###♣♣.∩..♣
##....(.#
♣..)..♣###
#.......##
♣.∩.⌠.∩..#
.........#
♣.....♣#.##


You could see Vashnia, 3 naga sharpshooters, a naga mage and 2 nagas.

Vanquished Creatures
  Nikola (Snake:3)
  Gastronok (D:8)
  A thorn hunter (Swamp:2)
  Frances (Swamp:2)
  An azure jelly (Swamp:4)
  Donald (Orc:2)
  5 nagarajas
  3 orc warlords
  A frost giant (D:12)
  A stone giant (D:12)
  A minotaur (Gauntlet)
  3 ettins
  8 vault guards (D:13)
  A fire dragon (D:14)
  16 hydras
  2 ghost crabs (Swamp:2)
  25 naga warriors
  A merfolk avatar (Lair:6)
  7 centaur warriors
  4 anacondas
  2 ice dragons (Swamp:4)
  11 alligators
  3 two-headed ogres
  2 shambling mangroves
  5 orc high priests (Orc:2)
  19 naga sharpshooters
  4 death yaks
  3 shock serpents
  Sonja (Lair:6)
  4 skeletal warriors (D:14)
  4 sixfirhies (Gauntlet)
  A hell knight (D:15)
  An iron troll (shapeshifter) (D:13)
  5 naga ritualists
  3 sea snakes (Snake:4)
  4 swamp dragons
  2 spriggan druids (Swamp:4)
  A deep troll (shapeshifter) (D:15)
  An unseen horror (D:14)
  2 wizards
  8 mana vipers
  6 orc knights
  A wolf spider (D:14)
  9 ugly things
  3 deep elf magi
  8 cyclopes
  3 orc sorcerers (Orc:2)
  2 manticores
  5 oklob plants
  4 salamanders
  15 elephants
  22 black mambas
  3 guardian serpents
  A centaur skeleton (D:12)
  18 spiny frogs
  11 naga magi
  4 centaur zombies
  2 torpor snails
  2 gargoyles
  11 komodo dragons
  5 kobold demonologists
  2 yaktaurs (D:15)
  5 rime drakes
  An efreet (D:13)
  4 freezing wraiths (Swamp:4)
  8 polar bears
  10 trolls
  A queen bee (D:8)
  6 tyrant leeches
  A tengu conjurer (D:15)
  A wind drake (Lair:6)
  3 meliai (D:15)
  4 hornets
  17 blink frogs
  Grinder (D:5)
  9 bog bodies
  6 hippogriffs
  20 slime creatures
  Sigmund (D:3)
  4 centaur simulacra (D:15)
  4 shadows
  4 wyverns
  3 water elementals (D:15)
  5 basilisks
  A spriggan (Swamp:2)
  45 yaks
  3 vampires
  A fire elemental (D:14)
  3 steam dragons
  3 hungry ghosts
  A redback simulacrum (D:15)
  24 vampire mosquitoes
  5 swamp worm simulacra (Swamp:4)
  5 wargs
  63 nagas
  16 swamp worms
  24 insubstantial wisps
  2 hell hounds (D:14)
  15 hydra simulacra (Swamp:4)
  17 water moccasins
  Duvessa (D:5)
  10 porcupines
  8 ice beasts
  5 sky beasts
  6 swamp drakes
  49 orc warriors
  3 phantoms
  4 black bears
  An eye of draining (D:14)
  12 ogres
  2 wolves
  29 centaurs
  18 crocodiles
  10 big kobolds
  24 bullfrogs
  Blork the orc (D:14)
  Dowan (D:5)
  5 scorpions
  2 water moccasin skeletons
  5 wights
  18 killer bees
  6 jellies
  9 howler monkeys
  6 electric eels
  2 lava snakes (D:12)
  3 crimson imps
  2 quasits (D:10)
  8 hounds
  31 orc wizards
  3 bullfrog skeletons
  24 orc priests
  3 iguanas
  Jessica (D:3)
  Natasha (thrice) (D:3)
  Ijyb (D:5)
  14 worker ants
  2 hell rats
  A hound skeleton (D:9)
  Robin (D:3)
  21 gnolls
  9 adders
  5 river rats (Lair:5)
  8 shadow imps
  2 white imps (D:15)
  3 ufetubi
  An ooze (D:1)
  3 swamp drake simulacra (Swamp:4)
  2 adder skeletons
  A worm (D:4)
  2 dart slugs
  5 leopard geckos
  105 orcs
  4 giant cockroaches
  26 goblins
  27 hobgoblins
  4 jackals (D:7)
  34 kobolds
  3 quokkas
  A ball python (D:1)
  5 bats
  4 frilled lizards
  8 rats
  6 fungi
  7 plants (Lair:6)
1283 creatures vanquished.

Vanquished Creatures (others)
  An azure jelly (Swamp:4)
  An alligator (Swamp:1)
  A tyrant leech (Swamp:4)
  A bog body (Swamp:4)
  A centaur simulacrum (D:14)
  A yak (D:14)
  An eye of draining (D:14)
  6 briar patches (Swamp:2)
  49 fungi
  58 plants
120 creatures vanquished.

Grand Total: 1403 creatures vanquished

Notes
Turn   | Place    | Note
-------+----------+-------------------------------------------
     0 | D:1      | mortelune the Deep Elf Fire Elementalist began the quest
                  | for the Orb.
     0 | D:1      | Reached XP level 1. HP: 10/10 MP: 6/6
   238 | D:1      | Reached XP level 2. HP: 9/15 MP: 1/8
   358 | D:1      | Learned a level 2 spell: Throw Flame
   904 | D:1      | Reached XP level 3. HP: 19/19 MP: 0/9
   909 | D:1      | Learned a level 3 spell: Conjure Flame
  1459 | D:2      | Found a bloodstained altar of Trog.
  1460 | D:2      | Found a radiant altar of Vehumet.
  1470 | D:2      | Became a worshipper of Vehumet
  1995 | D:1      | Reached XP level 4. HP: 12/24 MP: 8/11
  2002 | D:1      | Learned a level 4 spell: Sticky Flame
  2275 | D:2      | Found a sacrificial altar of Ru.
  2442 | D:2      | Found a sparkling altar of Nemelex Xobeh.
  2765 | D:3      | Noticed Sigmund
  2904 | D:3      | Found a blossoming altar of Fedhas.
  2947 | D:3      | Noticed Jessica
  2949 | D:3      | Noticed Natasha
  2953 | D:3      | Killed Jessica
  2957 | D:3      | Killed Natasha
  2957 | D:3      | Reached XP level 5. HP: 17/28 MP: 8/12
  2975 | D:3      | Noticed Natasha
  3054 | D:3      | Killed Natasha
  3086 | D:3      | Killed Sigmund
  3086 | D:3      | Reached skill level 5 in Fire Magic
  3086 | D:3      | Reached XP level 6. HP: 8/32 MP: 10/14
  3342 | D:3      | Noticed Robin
  3360 | D:3      | Killed Robin
  3368 | D:3      | Reached * piety under Vehumet
  3368 | D:3      | Offered knowledge of Shock by Vehumet.
  3459 | D:3      | Noticed Natasha
  3464 | D:3      | Killed Natasha
  4103 | D:3      | Found a burning altar of Makhleb.
  4332 | D:4      | Learned a level 1 spell: Shock
  4492 | D:4      | Reached XP level 7. HP: 36/36 MP: 16/16
  5186 | D:4      | Reached skill level 5 in Spellcasting
  5186 | D:4      | Reached skill level 5 in Conjurations
  5370 | D:4      | Found a staircase to the Ecumenical Temple.
  5401 | D:5      | Entered Level 5 of the Dungeon
  5529 | D:5      | Noticed Ijyb
  5539 | D:5      | Killed Ijyb
  5749 | D:5      | Learned a level 5 spell: Fireball
  5758 | D:5      | Reached ** piety under Vehumet
  5890 | D:5      | Noticed Duvessa
  5892 | D:5      | Noticed Dowan
  5896 | D:5      | Killed Duvessa
  5906 | D:5      | Killed Dowan
  5906 | D:5      | Offered knowledge of Sting by Vehumet.
  6074 | D:5      | Reached skill level 5 in Dodging
  6074 | D:5      | Reached XP level 8. HP: 41/41 MP: 18/18
  6111 | D:5      | Noticed Grinder
  6112 | D:5      | Paralysed by Grinder for 2 turns
  6116 | D:5      | Killed Grinder
  7192 | D:6      | Found a basalt altar of Yredelemnul.
  7214 | D:6      | Found Xanahuif's Food Boutique.
  7906 | D:7      | Reached XP level 9. HP: 45/45 MP: 21/21
  8890 | D:8      | Offered knowledge of Dazzling Spray by Vehumet.
  8908 | D:8      | Noticed Gastronok
  9409 | D:8      | Reached *** piety under Vehumet
  9535 | D:8      | Noticed a queen bee
  9659 | D:8      | Reached XP level 10. HP: 50/50 MP: 20/24
  9925 | D:8      | Got a slimy lead ring
  9937 | D:8      | Identified the ring "Wopuanoe" {rN+ Int+9} (You found it on
                  | level 8 of the Dungeon)
 10086 | D:8      | Reached skill level 10 in Fire Magic
 10111 | D:8      | Offered knowledge of Iskenderun's Mystic Blast by Vehumet.
 10518 | D:8      | Reached skill level 1 in Fighting
 10786 | D:8      | Reached skill level 10 in Conjurations
 11730 | D:9      | Reached **** piety under Vehumet
 11947 | D:9      | Found a staircase to the Orcish Mines.
 12136 | D:9      | Offered knowledge of Lightning Bolt by Vehumet.
 12355 | D:9      | Reached XP level 11. HP: 38/60 MP: 13/26
 12362 | D:9      | Learned a level 5 spell: Lightning Bolt
 12496 | D:9      | Found a shimmering altar of Xom.
 12748 | D:9      | Found Zofre's Antique Armour Boutique.
 12759 | D:9      | Bought a glowing leather armour for 140 gold pieces
 12905 | D:10     | Entered Level 10 of the Dungeon
 12950 | D:10     | Found Kiecok's Magic Scroll Shoppe.
 12967 | D:10     | Bought a scroll of teleportation for 42 gold pieces
 12967 | D:10     | Bought a scroll of identify for 28 gold pieces
 12967 | D:10     | Bought a scroll of identify for 28 gold pieces
 13045 | D:10     | Found a flagged portal.
 13119 | Bailey   | Entered a bailey
 13559 | Bailey   | Reached ***** piety under Vehumet
 13566 | Bailey   | Noticed an orc warlord
 13574 | Bailey   | Offered knowledge of Olgreb's Toxic Radiance by Vehumet.
 13586 | Bailey   | Killed an orc warlord
 16200 | D:11     | Reached skill level 10 in Spellcasting
 16548 | D:11     | Noticed a four-headed hydra
 16566 | D:11     | Reached skill level 5 in Fighting
 16571 | D:11     | Killed a four-headed hydra
 16818 | D:11     | You fall into a shaft and drop 3 floors!
 16819 | D:14     | Noticed a centaur warrior
 16820 | D:14     | Reached XP level 12. HP: 45/68 MP: 28/28
 16823 | D:14     | Killed a centaur warrior
 17052 | D:14     | Reached skill level 10 in Dodging
 17052 | D:14     | Reached XP level 13. HP: 75/75 MP: 29/29
 17053 | D:14     | Reached XP level 14. HP: 82/82 MP: 31/31
 17174 | D:14     | Noticed Azrael
 17331 | D:13     | Found a gate to the Vaults.
 17345 | D:13     | Offered knowledge of Irradiate by Vehumet.
 17361 | D:13     | Learned a level 5 spell: Irradiate
 17704 | D:13     | HP: 2/82 [five-headed hydra (9)]
 19863 | D:12     | Got a warped ring mail
 19864 | D:12     | Identified the +1 ring mail of the Monk {rN+ Dex+2} (You
                  | found it on level 12 of the Dungeon)
 20344 | D:11     | Found a staircase to the Lair.
 20458 | Lair:1   | Entered Level 1 of the Lair of Beasts
 20697 | Lair:1   | Found a gate leading to a gauntlet.
 20707 | Gauntlet | Entered a Gauntlet
 20707 | Gauntlet | Found a transporter.
 20707 | Gauntlet | Found a transporter.
 20864 | Gauntlet | Found a transporter.
 20864 | Gauntlet | Found a transporter.
 20875 | Gauntlet | Found a transporter.
 20882 | Gauntlet | Found a transporter.
 20892 | Gauntlet | Found a transporter.
 20892 | Gauntlet | Found a transporter.
 20895 | Gauntlet | Found a transporter.
 20922 | Gauntlet | Found a transporter.
 20929 | Gauntlet | Found a transporter.
 20947 | Gauntlet | Found a transporter.
 20993 | Gauntlet | Found a transporter.
 21007 | Gauntlet | Found a transporter.
 21008 | Gauntlet | Found the +0 pair of fencer's gloves {Riposte Dex+3}
 21107 | Gauntlet | Found a transporter.
 21123 | Gauntlet | Found a transporter.
 21413 | Gauntlet | Reached skill level 1 in Air Magic
 21413 | Gauntlet | Reached XP level 15. HP: 90/90 MP: 33/33
 21453 | Gauntlet | Got a bloodstained helmet
 21877 | Gauntlet | Identified the +2 helmet of Fashionability {rElec Str+4}
                  | (You found it in a Gauntlet)
 22138 | Gauntlet | Got a pitted pewter ring
 22141 | Gauntlet | Identified the ring of Zehaith {+Fly rF+ rN+ Int-2 Stlth+}
                  | (You found it in a Gauntlet)
 22328 | Gauntlet | Got an ivory war axe
 22333 | Gauntlet | Identified the +0 war axe "Trog's Indignation" {freeze,
                  | rC+} (You found it in a Gauntlet)
 22985 | Lair:1   | You fall into a shaft and drop 1 floor!
 23692 | Lair:1   | Reached skill level 15 in Fire Magic
 24175 | Lair:2   | Reached XP level 16. HP: 96/96 MP: 25/34
 24344 | Lair:2   | Got an ichor-stained war axe
 24345 | Lair:2   | Identified the +5 war axe "Lady" {vamp, SInv} (You found it
                  | on level 2 of the Lair of Beasts)
 24360 | Lair:3   | Found a staircase to the Snake Pit.
 25301 | Lair:3   | Found a staircase to the Swamp.
 25421 | Lair:4   | Offered knowledge of Venom Bolt by Vehumet.
 25598 | Lair:4   | Reached skill level 1 in Shields
 25919 | Lair:4   | Found a white marble altar of Elyvilon.
 26500 | Lair:5   | Reached skill level 15 in Conjurations
 28409 | Lair:5   | Found a staircase to the Slime Pits.
 29297 | Lair:6   | Entered Level 6 of the Lair of Beasts
 29317 | Lair:6   | Reached skill level 10 in Fighting
 30920 | Lair:6   | Noticed Sonja
 30931 | Lair:6   | Killed Sonja
 31586 | Lair:6   | Offered knowledge of Bolt of Fire by Vehumet.
 31954 | Lair:6   | Learned a level 6 spell: Bolt of Fire
 32776 | Lair:6   | Identified the Papyrus of Fetching Moulding
 34044 | D:12     | Reached skill level 5 in Shields
 34173 | D:12     | Found a runed translucent gate.
 34173 | D:12     | Found a runed translucent gate.
 34173 | D:12     | Found a runed translucent gate.
 34664 | D:12     | Found a runed translucent gate.
 34664 | D:12     | Found a runed translucent gate.
 34664 | D:12     | Found a runed translucent gate.
 35093 | D:14     | Noticed Blork the orc
 35097 | D:14     | Killed Blork the orc
 35106 | D:14     | Found a shimmering blue altar of Sif Muna.
 35841 | D:14     | Reached XP level 17. HP: 90/104 MP: 0/35
 36045 | D:14     | Offered knowledge of Bolt of Cold by Vehumet.
 37295 | Orc:1    | Entered Level 1 of the Orcish Mines
 37846 | Orc:2    | Entered Level 2 of the Orcish Mines
 38179 | Orc:2    | Noticed Donald
 38349 | Orc:2    | Killed Donald
 38984 | Orc:2    | Offered knowledge of Freezing Cloud by Vehumet.
 39140 | Orc:2    | Found a staircase to the Elven Halls.
 39796 | Orc:2    | Reached skill level 1 in Armour
 40392 | Orc:2    | Found Akleawua's General Store.
 40522 | Orc:2    | Found Waasch's Book Boutique.
 40523 | Orc:2    | Found Jofokky's Antique Armour Shop.
 40523 | Orc:2    | Found Sykedgh's Antique Weapon Shop.
 40548 | Orc:2    | Bought a book of the Earth for 910 gold pieces
 40548 | Orc:2    | Bought a book of Minor Magic for 280 gold pieces
 40596 | Orc:2    | Bought a glowing robe for 103 gold pieces
 40596 | Orc:2    | Bought a cloak for 126 gold pieces
 40612 | Orc:2    | Bought a glowing buckler for 210 gold pieces
 40637 | Orc:2    | Learned a level 2 spell: Blink
 40644 | Orc:2    | Learned a level 6 spell: Iron Shot
 40833 | D:15     | Entered Level 15 of the Dungeon
 41395 | D:14     | Reached skill level 1 in Earth Magic
 42732 | D:15     | Found a glowing silver altar of Zin.
 42994 | D:15     | Found a shattered altar of Ashenzari.
 43676 | D:15     | Found a staircase to the Depths.
 44160 | Swamp:1  | Entered Level 1 of the Swamp
 44837 | Swamp:1  | Identified a scroll of acquirement
 44863 | Swamp:1  | Got an ichor-stained battleaxe
 44864 | Swamp:1  | Identified the +6 battleaxe "Cofiaxt" {elec, Dex+6 SInv}
                  | (You found it on level 1 of the Swamp)
 45834 | Swamp:2  | Noticed Frances
 45838 | Swamp:2  | Killed Frances
 46176 | Swamp:2  | Reached skill level 1 in Staves
 48191 | Swamp:3  | Reached ****** piety under Vehumet
 48427 | Swamp:3  | Reached XP level 18. HP: 110/112 MP: 28/37
 48569 | Swamp:3  | Offered knowledge of Ozocubu's Refrigeration by Vehumet.
 48965 | Swamp:3  | Got a pair of spiked boots
 48979 | Swamp:3  | Identified the +2 pair of boots of Midwinter {rElec rC+}
                  | (You acquired it on level 3 of the Swamp)
 49521 | Swamp:4  | Entered Level 4 of the Swamp
 49647 | Swamp:4  | Reached skill level 5 in Earth Magic
 49794 | Swamp:4  | Found a runed translucent door.
 51128 | Swamp:4  | Noticed Flugslaktarn's ghost (journeyman DDFi)
 51646 | Swamp:4  | Got a decaying rune of Zot
 52489 | D:8      | Killed Gastronok
 53113 | D:12     | Reached skill level 5 in Armour
 53118 | D:12     | Reached skill level 5 in Staves
 53385 | Snake:1  | Entered Level 1 of the Snake Pit
 53995 | Snake:1  | Got a spiked cloak
 54006 | Snake:1  | Identified the cursed +0 cloak of Haidiodd {+Inv rN+ Int+5
                  | Stlth-} (You found it on level 1 of the Snake Pit)
 58549 | Snake:3  | Reached skill level 15 in Spellcasting
 58817 | Snake:3  | Reached XP level 19. HP: 67/116 MP: 3/40
 59294 | Snake:3  | Noticed Nikola
 59661 | Snake:3  | Killed Nikola
 59888 | Snake:3  | Offered knowledge of Lehudib's Crystal Spear by Vehumet.
 59888 | Snake:3  | Offered knowledge of Fire Storm by Vehumet.
 59888 | Snake:3  | Offered knowledge of Glaciate by Vehumet.
 60030 | Snake:3  | Learned a level 9 spell: Fire Storm
 60434 | Snake:4  | Entered Level 4 of the Snake Pit
 61445 | Snake:4  | Found an ornate altar of the Wu Jian Council.
 62093 | Snake:4  | Found Topsaad's Weapon Boutique.
 62330 | Snake:4  | Found Osehug's Gadget Boutique.
 62330 | Snake:4  | Found Joineufi's Jewellery Shoppe.
 62331 | Snake:4  | Found Loqaij's Jewellery Shoppe.
 62347 | Snake:4  | Bought the amulet "Yropsil" {Reflect Dex+6 SH+4 SInv} for
                  | 863 gold pieces
 62564 | Snake:4  | Noticed Vashnia
 62573 | Snake:4  | Shot with an arrow by a naga sharpshooter

Levels and vault maps discovered:
D:1:      dpeg_arrival_houses_and_road, layout_basic
D:2:      layout_basic, nicolae_ru_awakened_eye, old_standard_altar,
          grunt_temple_overflow_open, first_ration
D:3:      layout_rooms, fedhas_altar_fruit_tree, lightli_temple_of_fire,
          minmay_strange_pillars, minmay_misc_feat_roman, uniq_natasha,
          uniq_sigmund, uniq_jessica, uniq_robin
D:4:      layout_basic, minmay_temple_entry_enclosed_plants
D:5:      lemuel_ice_spiral_2, layout_basic, uniq_duvessa, uniq_ijyb,
          uniq_grinder
D:6:      cheibrodos_steamvent, layout_loops_corners, overflow_temple_1_default,
          serial_shops, nicolae_shop_waterfront, minmay_misc_feat_alley
D:7:      layout_gridville
D:8:      layout_layer_cave, david_nohive_1, centaur_isle, uniq_gastronok
D:9:      layout_grid_maze, erik_orc_3, basic_altar, serial_shops, shop,
          serial_bayou_ford_a, kennysheep_potato
D:10:     layout_long_grid, enter_bailey_8, serial_shops, shop_fountains
D:11:     layout_small_grid, grunt_lair_entry_orc_guard_hut
D:12:     kennysheep_treasure_stockpile, layout_small_grid, nrook_mini_vaults
D:13:     layout_loops_ring, erik_vaults_2, fountainhead
D:14:     layout_gridville, tgw_sif, uniq_azrael
D:15:     hangedman_depths_entry_civil_slaughter, layout_loops_ring, serial_ice,
          serial_ice_o, serial_ice_j, serial_ice_n, serial_ice_h, serial_ice_a,
          portal_ice_cave_rime, evilmike_ruin_ashenzari, basic_altar
Lair:1:   layout_misc_corridors, gauntlet_entry_generic, beast_lair_carwin_4
Lair:2:   layout_roguey, serial_bayou_lagoon_a, beast_lair_carwin_1
Lair:3:   layout_concentric_octagons, nicolae_swamp_entry_splash_gauntlet,
          guppyfry_snake_entry_island, chequers_serial_rivers_room_b,
          chequers_serial_rivers_small_a, nicolae_quartered_pool_medium,
          chequers_serial_rivers_micro_d, lemuel_old_faithful
Lair:4:   layout_misc_corridors, basic_altar, serial_bayou_pond_c
Lair:5:   cheibrodos_lair_river_kwai, layout_misc_corridors,
          minmay_slime_entry_oklob_enclosed, kennysheep_rathole,
          serial_bayou_shore_b
Lair:6:   gammafunk_lair_ancient_temple, layout_regular_city, st_stairs_6,
          gammafunk_lair_bear_cave, minmay_lair_oklob_chamber, uniq_sonja
Swamp:1:  layout_basic_swamp, evilmike_swamp_ruin_house_6, swamp_pool1
Swamp:2:  layout_falls_marsh, evilmike_swamp_ruin_house_1, hangedman_swamp_cone,
          swamp_pool4, infiniplex_staircase_pool, uniq_frances
Swamp:3:  layout_basic_swamp, evilmike_swamp_ruin_house_4, swamp_pool4,
          nicolae_swamp_dense_foliage
Swamp:4:  swamp_icy, layout_basic_swamp, ebering_ghost_reflecting_pool,
          swamp_pool4
Snake:1:  layout_rooms, drop_trap
Snake:2:  layout_honeycomb
Snake:3:  layout_honeycomb, uniq_nikola
Snake:4:  grunt_snake_rune_spirals, layout_onion, serial_shops, shop,
          basic_altar, minmay_shop_grove, serial_bayou_shore_a, uniq_vashnia
Orc:1:    layout_caves
Orc:2:    st_orc_congregation, layout_diamond_mine, uniq_donald

Skill      XL: |  1  2  3  4  5  6  7  8  9 10 11 12 13 14 15 16 17 18 19 |
---------------+----------------------------------------------------------+-----
Conjurations   | 2 3 4 6 7 9 10 11 12 13 14 16 17 | 17.3
Fire Magic     | 4 5 6 8 9 10 12 13 14 15 16 17 | 17.3
Dodging        | 3 4 5 6 7 8 9 10 11 | 11.8
Spellcasting   | 4 5 6 8 9 10 11 12 13 15 | 15.8
Fighting       | 3 5 6 7 9 10 12 | 12.0
Air Magic      | 1 |  1.7
Shields        | 5 |  5.8
Armour         | 3 6 7 |  7.5
Earth Magic    | 4 8 9 |  9.0
Staves         | 2 7 8 |  8.2
Stealth        | |  2.4

Action                   |  1- 3 |  4- 6 |  7- 9 | 10-12 | 13-15 | 16-18 | 19-21 || total
-------------------------+-------+-------+-------+-------+-------+-------+-------++-------
Melee: Rapier            |     6 |       |       |     3 |    12 |       |       ||    21
       Short sword       |     3 |       |       |       |       |       |       ||     3
       Halberd           |       |       |       |       |     1 |       |       ||     1
       Staff             |       |       |       |       |     4 |   104 |     5 ||   113
 Cast: Flame Tongue      |    28 |    55 |    68 |   160 |   113 |    85 |     1 ||   510
       Throw Flame       |    47 |    48 |   137 |   272 |    61 |    23 |     7 ||   595
       Sticky Flame      |       |     4 |    12 |    23 |    50 |    96 |     8 ||   193
       Conjure Flame     |       |     3 |       |     8 |    20 |     9 |       ||    40
       Fireball          |       |       |     9 |    52 |    69 |   761 |    84 ||   975
       Shock             |       |       |     5 |     4 |       |       |       ||     9
       Lightning Bolt    |       |       |       |     2 |    36 |    30 |    11 ||    79
       Irradiate         |       |       |       |       |     1 |     5 |       ||     6
       Bolt of Fire      |       |       |       |       |       |    35 |     1 ||    36
       Iron Shot         |       |       |       |       |       |   179 |    53 ||   232
       Blink             |       |       |       |       |       |    12 |       ||    12
Evoke: Wand              |       |       |       |       |     2 |     4 |       ||     6
  Use: Scroll            |       |     3 |     8 |    10 |    12 |    21 |     4 ||    58
       Potion            |       |       |       |     2 |    14 |     2 |     4 ||    22
  Eat: Chunk             |     5 |     9 |    17 |    19 |    13 |    53 |     4 ||   120
       Ration            |       |       |     1 |     3 |     3 |    16 |     2 ||    25
Armor: Robe              |     3 |     3 |     9 |     9 |    10 |    74 |     9 ||   117
       Fire dragon scale |       |       |       |       |       |    30 |       ||    30
Dodge: Dodged            |    18 |    11 |    44 |    68 |   159 |   426 |    37 ||   763
Block: Buckler           |       |       |       |       |       |   140 |    16 ||   156
       Reflection        |       |       |       |       |       |       |     2 ||     2
